AoeStats
← minEng [Alca Torda]

Arena

510336196Analyzed
4v4 RM · 21h ago on Sep 30, 2026· 55m 36s· 8 players
Game mode
Random Map
Map size
Large (8 player)
Population
200
Speed
Normal
Resources
Standard
Victory
Conquest
Starting age
Dark Age
Ending age
Imperial Age
RankedLock teamsTeams togetherTeam positionsShared explorationLock speedFull tech treeHidden civsTurbo modeCheats
Victory
Defeat
🇧🇷 Japanese · Brazil
829
+15
🇫🇷 Britons · France
796
+17
🇦🇷 Bohemians · Argentina
766
+18
🇹🇷 Persians · Türkiye
764
+18
🇹🇼 Persians · Taiwan
973
-55
🇧🇷 Jurchens · Brazil
778
-16
🇨🇳 Wu · China
760
-15
🇹🇼 Franks · Taiwan
747
-14
| LEON | SAPULHA
0:30 Loom
13:14 Feudal Age
17:02 Castle Age
15:21 Double-Bit Axe
15:37 Horse Collar
22:45 Bow Saw
22:39 Gold Mining
22:40 Stone Mining
28:32 Pikeman
32:16 Imperial Age
30:56 Heavy Plow
32:08 Scale Mail Armor
32:18 Forging
33:17 Wheelbarrow
33:26 Kataparuto
35:17 Chain Mail Armor
35:38 Iron Casting
35:32 Halberdier
36:13 Squires
37:07 Elite Samurai
38:49 Plate Mail Armor
39:19 Blast Furnace
43:33 Chemistry
42:29 Murder Holes
42:46 Fortified Wall
42:57 Ballistics
42:44 Siege Engineers
53:36 Spies/Treason
56:05 Hand Cart
55:36 Town Watch
56:29 Gold Shaft Mining
Wolf-Salomon
5:20 Loom
10:31 Feudal Age
11:08 Double-Bit Axe
13:45 Wheelbarrow
17:27 Castle Age
19:02 Bow Saw
19:06 Town Watch
19:22 Fletching
19:39 Horse Collar
27:00 Heavy Plow
32:30 Murder Holes
33:17 Hand Cart
38:01 Imperial Age
36:08 Husbandry
35:31 Pikeman
36:43 Forging
36:38 Scale Barding Armor
37:37 Chemistry
38:00 Town Patrol
38:42 Iron Casting
39:09 Conscription
38:27 Capped Ram
40:14 Siege Engineers
41:15 Two-Man Saw
41:05 Coinage
43:41 Blast Furnace
45:18 Banking
44:57 Caravan
45:12 Guilds
45:25 Chain Barding Armor
46:12 Bodkin Arrow
46:33 Masonry
46:29 Cavalier
48:08 Fervor
48:25 Sanctity
48:09 Scale Mail Armor
48:37 Wagenburg Tactics
49:35 Elite Hussite Wagon
51:06 Ballistics
Ryusuke
2:17 Loom
14:50 Feudal Age
16:19 Wheelbarrow
15:46 Horse Collar
22:26 Castle Age
20:20 Stone Mining
20:25 Gold Mining
20:25 Double-Bit Axe
23:22 Padded Archer Armor
28:56 Leather Archer Armor
28:31 Fletching
28:54 Forging
28:32 Crossbowman
29:24 Scale Barding Armor
42:46 Imperial Age
41:39 Scale Mail Armor
42:42 Husbandry
44:32 Cavalier
52:49 Light Cavalry
55:11 Heavy Plow
55:23 Bow Saw
56:23 Conscription
minEng [Alca Torda]
12:07 Feudal Age
13:00 Loom
14:45 Wheelbarrow
14:04 Double-Bit Axe
14:01 Horse Collar
24:48 Castle Age
24:04 Arson
24:35 Bloodlines
28:03 Gold Mining
29:41 Stone Mining
30:30 Gold Shaft Mining
30:10 Forging
30:06 Scale Barding Armor
32:28 Heavy Plow
32:43 Bow Saw
32:52 Hand Cart
33:04 Chain Barding Armor
33:15 Husbandry
38:55 Imperial Age
37:01 Kamandaran
38:50 Ballistics
38:21 Heated Shot
38:29 Murder Holes
40:12 Conscription
40:04 Citadels
41:18 Chemistry
40:56 Iron Casting
40:57 Plate Barding Armor
40:22 Padded Archer Armor
40:13 Fletching
41:19 Elite War Elephant
42:31 Thumb Ring
44:09 Blast Furnace
43:10 Scale Mail Armor
47:43 Crop Rotation
patrick60303
10:52 Feudal Age
11:17 Double-Bit Axe
14:53 Stone Mining
22:13 Castle Age
20:36 Forging
22:24 Scale Barding Armor
24:22 Gold Mining
25:35 Chain Barding Armor
25:50 Husbandry
35:59 Imperial Age
35:24 Wheelbarrow
37:29 Cavalier
39:42 Plate Barding Armor
39:43 Iron Casting
41:11 Paladin
43:52 Blast Furnace
Gods ;*
11:20 Feudal Age
13:21 Double-Bit Axe
19:14 Horse Collar
23:08 Gold Mining
25:10 Stone Mining
30:05 Castle Age
30:53 Heavy Plow
31:43 Wheelbarrow
33:39 Bow Saw
ethan841229
10:34 Feudal Age
10:54 Double-Bit Axe
15:12 Wheelbarrow
18:18 Castle Age
17:51 Horse Collar
18:46 Light Cavalry
19:27 Husbandry
19:41 Bloodlines
20:19 Scale Barding Armor
20:50 Husbandry
23:01 Hand Cart
24:13 Forging
25:28 Elite Skirmisher
26:42 Bow Saw
26:50 Fletching
27:01 Padded Archer Armor
27:39 Thumb Ring
28:01 Gold Mining
28:01 Stone Mining
28:44 Bodkin Arrow
30:03 Leather Archer Armor
32:55 Husbandry
32:46 Pikeman
33:26 Squires
38:49 Chain Barding Armor
39:05 Iron Casting
42:06 Imperial Age
40:03 Loom
42:18 Heavy Plow
41:47 Cavalier
43:31 Blast Furnace
43:07 Plate Barding Armor
43:21 Savar
45:10 Gold Shaft Mining
45:10 Stone Shaft Mining
45:30 Conscription
45:46 Hoardings
45:23 Citadels
45:54 Crop Rotation
51:34 Kamandaran
51:53 Crossbowman
53:07 Ring Archer Armor
GMTY0712
10:59 Loom
13:02 Feudal Age
19:37 Castle Age
17:40 Gold Mining
17:40 Stone Mining
17:59 Double-Bit Axe
18:07 Horse Collar
20:43 Bow Saw
25:07 Squires
29:24 Fletching
29:52 Pikeman
31:01 Heavy Plow
31:41 Gold Shaft Mining
31:41 Stone Shaft Mining
33:05 Scale Mail Armor
33:02 Bodkin Arrow
33:07 Padded Archer Armor
37:12 Imperial Age
34:40 Arson
35:24 Chain Mail Armor
37:37 Wheelbarrow
36:47 Town Watch
37:24 Red Cliffs Tactics
39:04 Two-Man Saw
38:15 Bracer
38:30 Leather Archer Armor
38:59 Halberdier
40:03 Conscription
41:02 Plate Mail Armor
42:53 Man-at-Arms
45:37 Elite Fire Archer
46:18 Sitting Tiger
47:22 Ballistics
48:02 Chemistry
47:13 Masonry
50:07 Forging
50:03 Scale Barding Armor
49:31 Long Swordsman
52:07 Architecture
Connection lost

Rejoining the realm…

Still unreachable

The connection could not be restored.

Session expired

The server has moved on; the page needs a fresh start.